 Dungeon Crawl Stone Soup version 0.31-a0-1008-g5b978dac0e (webtiles) character file.

Game seed: 1560283642635916020

81 Descartes the Digger (level 4, -1/24 HPs)
             Began as a Deep Elf Earth Elementalist on Nov 13, 2023.
             Killed by divine providence
             ... invoked by an orc priest
              (11 damage)
             ... on level 3 of the Dungeon.
             The game lasted 00:02:54 (2164 turns).

Descartes the Digger (Deep Elf Earth Elementalist)  Turns: 2164, Time: 00:02:55

Health: -1/24      AC:  4    Str:  5    XL:     4   Next: 19%
Magic:  9/10       EV: 12    Int: 22    God:
Gold:   88         SH:  0    Dex: 15    Spells: 8/9 levels left

rFire   . . .        p - +0 dagger (holy)
rCold   . . .        (no shield)
rNeg    . . .        a - +0 robe
rPois   .            h - +0 helmet
rElec   .            d - +0 cloak
rCorr   .            (no gloves)
SInv    .            (no boots)
Will    .....        (no amulet)
Stlth   ++           (no ring)
HPRegen 0.24/turn    (no ring)
MPRegen 0.12/turn

%: no passive effects
@: no status effects
A: no striking features
a: no special abilities


You were on level 3 of the Dungeon.
You visited 1 branch of the dungeon, and saw 3 of its levels.

You collected 88 gold pieces.

Inventory:

Hand Weapons
 p - a +0 dagger of holy wrath (weapon)
Armour
 a - a +0 robe (worn)
 d - a +0 cloak (worn)
 h - a +0 helmet (worn)
Magical Staves
 l - a staff of poison
Scrolls
 c - 5 scrolls of identify {unknown}
 n - a scroll of vulnerability {unknown}
 q - a scroll of fear {unknown}
Potions
 b - a potion of magic
 e - a potion of brilliance {unknown}
 f - a potion of curing {unknown}
 g - a potion of might {unknown}
 i - 2 potions of ambrosia {unknown}
 j - a potion of enlightenment {unknown}
 k - a potion of mutation {unknown}
 m - a potion of berserk rage {unknown}
 o - a potion of lignification {unknown}


   Skills:
 - Level 2.4 Dodging
 - Level 2.4 Stealth
 - Level 3.0 Spellcasting
 - Level 1.1 Transmutations
 + Level 5.6 Earth Magic


You had 8 spell levels left.
You knew the following spells:

 Your Spells              Type           Power      Damage    Failure   Level
a - Sandblast             Erth           56%        2d13      1%          1

Your spell library contained the following spells:

 Spells                   Type           Power      Damage    Failure   Level
 Passwall                 Tmut/Erth      15%        N/A       4%          2
 Stone Arrow              Conj/Erth      30%        3d8       12%         3
 Petrify                  Tmut/Erth      18%        N/A       30%         4
 Brom's Barrelling Bould  Conj/Erth      15%        2d4       36%         4


Dungeon Overview and Level Annotations

Branches:
Dungeon (3/15)

Altars:


Message History

Found an escape hatch in the floor.
Casting: Sandblast (safe; 1% risk of failure)
Confirm with . or Enter, or press ? or * to list all spells.
Aiming: Sandblast (safe; 1% risk of failure)
Press: ? - help, Shift-Dir - straight line, f - rat
Aim: a rat (83% to hit)
The blast of sand hits the rat!
You kill the rat!
An orc priest comes into view. It is wielding a +0 club.
An orc priest is nearby!
A hobgoblin comes into view.
Casting: Sandblast (safe; 1% risk of failure)
Confirm with . or Enter, or press ? or * to list all spells.
You can't see any susceptible monsters within range! (Use Z to cast anyway.) Unknown command.
An orc priest and an orc come into view.
The orc moves out of view.
An orc comes into view. It is wielding a +0 whip.
Casting: Sandblast (safe; 1% risk of failure)
Confirm with . or Enter, or press ? or * to list all spells.
Aiming: Sandblast (safe; 1% risk of failure)
Press: ? - help, Shift-Dir - straight line, f - hobgoblin
Aim: a hobgoblin (asleep, 100% to hit)
The blast of sand hits the hobgoblin!!
You kill the hobgoblin!
The orc shouts!
The orc priest shouts! x2; You hear a shout!
The orc priest casts a cantrip, but nothing happens.
The orc priest mumbles some strange prayers to Beogh against you.
Beogh smites you!
Ouch! That really hurt!
Casting: Sandblast (safe; 1% risk of failure)
Confirm with . or Enter, or press ? or * to list all spells.
You can't see any susceptible monsters within range! (Use Z to cast anyway.) Unknown command.
Casting: Sandblast (safe; 1% risk of failure)
Confirm with . or Enter, or press ? or * to list all spells.
You can't see any susceptible monsters within range! (Use Z to cast anyway.)
The orc priest mumbles some strange prayers to Beogh against you.
Beogh smites you!
You die...

####.........##########
.......oo.........†..)#
......†....o..........#
......................#
......>.............<.#
......................##
.........................
.......................##
........@................
...)......)..#...........
#.#.........#####....).†.
#...#.#..#### #........
...#....## #........
........# #........
........## #........
.##......########........
#..#.#.#.....##........


You could see 2 orc priests and an orc.

Vanquished Creatures
  3 adders
  A dart slug (D:1)
  7 ball pythons
  7 endoplasms
  2 giant cockroaches
  7 goblins
  3 hobgoblins
  4 kobolds
  3 quokkas
  A bat (D:2)
  6 frilled lizards
  5 rats
49 creatures vanquished.

Notes
Turn   | Place    | Note
-------+----------+-------------------------------------------
     0 | D:1      | Descartes the Deep Elf Earth Elementalist began the quest
                  | for the Orb.
     0 | D:1      | Reached XP level 1. HP: 10/10 MP: 6/6
   207 | D:1      | Reached XP level 2. HP: 15/15 MP: 6/8
   209 | D:1      | Reached skill level 4 in Earth Magic
   976 | D:2      | Reached XP level 3. HP: 19/19 MP: 7/9
  1236 | D:2      | Identified the +0 ring mail of Happiness {-Cast Fly Slay+6}
  1429 | D:2      | Reached skill level 5 in Earth Magic
  1951 | D:3      | Reached XP level 4. HP: 24/24 MP: 8/10
  2164 | D:3      | Killed from afar by an orc priest

Illustrated notes

Levels and vault maps discovered:
D:1:      dpeg_arrival_prison, layout_loops_ring, minmay_parallelograms,
          minmay_crystal_room
D:2:      layout_loops_corners, serial_forest, infiniplex_forest_lined_room_2,
          infiniplex_forest_straight_3, infiniplex_forest_clump_cross,
          infiniplex_forest_lined_room_
D:3:      layout_rooms, mainiacjoe_overflow_chevrons,
          nicolae_overflow_hidden_temple

Skill      XL: |  1  2  3 |
---------------+----------+-----
Earth Magic    | 4 5 |  5.6
Dodging        | |  2.4
Stealth        | |  2.4
Spellcasting   | |  3.0
Transmutations | |  1.1

Action                     |  1- 3 |  4- 6 || total
---------------------------+-------+-------++-------
   Cast: Sandblast         |    48 |     8 ||    56
 Armour: Robe              |     1 |       ||     1
  Dodge: Dodged            |     1 |       ||     1

Table legend: (Time is in decaauts)
 A = Elapsed time spent in this place.
 B = Non-inter-level travel time spent in this place.
 C = Inter-level travel time spent in this place.
 D = Time resting spent in this place.
 E = Time spent auto-exploring this place.
 F = Levels seen in this place.
 G = Mean time per level.
                   A        B        C        D        E       F      G
               +--------+--------+--------+--------+--------+-----+--------+
         Total |   2191 |   2096 |     95 |      0 |   1843 |   3 |  730.3 |
       Dungeon |   2191 |   2096 |     95 |      0 |   1843 |   3 |  730.3 |
               +--------+--------+--------+--------+--------+-----+--------+

Top non-repeatable levels by time:
     D:2: 1005 daAuts
     D:1: 892 daAuts
     D:3: 292 daAuts
